 Dungeon Crawl Stone Soup version 0.18-a0-425-ge088ad1 (webtiles) character file.

768 4thArraOfDagon the Slasher (level 8, -5/54 HPs)
             Began as a Halfling Gladiator on Nov 30, 2015.
             Was a Follower of the Shining One.
             Slain by Rer Zeig the merfolk
             ... wielding a +2 trident of piercing
             ... created by the player character
              (12 damage)
             ... on level 10 of the Dungeon.
             The game lasted 00:08:48 (1621 turns).

4thArraOfDagon the Slasher (Halfling Gladiator)     Turns: 1621, Time: 00:08:48

Health: -5/54      AC: 15    Str: 15    XL:     8   Next: 9%
Magic:  17/17      EV: 11    Int: 14    God:    the Shining One [*.....]
Gold:   97         SH:  0    Dex: 17    Spells: 0 memorised, 7 levels left

rFire  . . .     SeeInvis .     f - +1 short sword (speed)
rCold  . . .     Clarity  .     p - +1 chain mail
rNeg   . . .     SustAt   .     (shield restricted)
rPois  .         Gourm    .     c - +0 helmet
rElec  .         Spirit   .     w - +0 cloak
rCorr  .         Dsmss    .     (no gloves)
rMut   .         Stasis   .     z - +2 pair of boots
MR     .....                    (no amulet)
Stlth  ..........               x - +2 ring of dexterity
                                m - ring of magical power

@: brilliant, vulnerable, manticore barbs, very slightly contaminated, glowing,
not resistant to hostile enchantments, extremely unstealthy
A: mutation resistance 1
a: Renounce Religion


You were on level 10 of the Dungeon.
You worshipped the Shining One.
The Shining One was aware of your devotion.
You were not hungry.

You visited 1 branch of the dungeon, and saw 11 of its levels.

You collected 264 gold pieces.

Inventory:

Hand Weapons
 a - a +0 long sword
 f - a +1 short sword of speed (weapon)
Armour
 c - a +0 helmet (worn)
 p - a +1 chain mail (worn)
 w - a +0 cloak (worn)
 z - a +2 pair of boots (worn)
Jewellery
 d - an uncursed ring of ice
 m - a ring of magical power (left hand)
 x - a +2 ring of dexterity (right hand)
Wands
 t - a wand of flame (48)
Scrolls
 b - a scroll of immolation
 g - 3 scrolls of remove curse {unknown}
 h - 2 scrolls of identify
 j - a scroll of recharging
 r - a scroll of fear
Miscellaneous
 y - a plain deck of wonders {drawn: 4}
Comestibles
 e - 3 bread rations
 k - 3 meat rations
 n - a beef jerky
 o - a slice of pizza


   Skills:
 + Level 3.6 Fighting
 * Level 6.2 Long Blades
 - Level 2.1 Throwing
 + Level 3.5 Armour
 + Level 5.4 Dodging


You had 7 spell levels left.
You didn't know any spells.

Dungeon Overview and Level Annotations

Branches:
Dungeon (11/15)            Temple (0/1) D:6
   Lair: D:8-11         Orc: D:9-12

Altars:
Okawaru
Vehumet
The Shining One

Shops:
D:4 %

Annotations:
D:8 Erolcha
D:10 FishmanTm's ghost, novice MfTm


Innate Abilities, Weirdness & Mutations

You are small and have problems with some larger weapons.
You are somewhat resistant to further mutation.


Message History

w - Wait here. f - Follow me.
Anything else - Stay silent.
Gang up on whom?
Press: ? - help, Dir - move target cursor, f - FishmanTm's ghost
Aim: FishmanTm's ghost (susceptible to magic) Attack!
Evoke which item? (* to show all) (? for menu, Esc to quit)
You draw a card...
It is the Mercenary.
You cannot afford Rer Zeig's fee of 326 gold!
Rer Zeig attacks!
Rer Zeig the merfolk comes into view. It is wielding a trident of piercing.
FishmanTm's ghost hits Tekaf.
Evoke which item? (* to show all) (? for menu, Esc to quit)
You draw a card...
It is the Mercenary.
You cannot afford Ytoh's fee of 284 gold!
Ytoh attacks!
Ytoh the merfolk comes into view. It is wielding a trident of flaming.
Tekaf closely misses FishmanTm's ghost.
FishmanTm's ghost barely misses Tekaf.
Rer Zeig hits you from afar with a trident of piercing!
You die...

#########
#@.m.....
#........
#N.m.....
##W.......
.........
#......%.
#####.####+####
#....>...).....
#.###.......#


You could see Rer Zeig the merfolk, Ytoh the merfolk, FishmanTm's ghost and the
friendly Tekaf the naga.

Vanquished Creatures
  A sky beast (D:9)
  A phantom (D:11)
  A necrophage (D:7)
  A giant frog (D:7)
  3 killer bees (D:9)
  A crimson imp (D:7)
  2 hounds
  5 worker ants
  A hound zombie (D:6)
  2 worker ant zombies (D:7)
  3 adders
  A shadow imp (D:6)
  An ooze (D:1)
  A giant gecko (D:7)
  2 bats
  2 giant cockroaches
  3 hobgoblins
  A quokka (D:2)
  2 goblins
  A kobold (D:1)
  A quokka zombie (D:9)
  2 rats
38 creatures vanquished.

Notes
Turn   | Place    | Note
--------------------------------------------------------------
     0 | D:1      | 4thArraOfDagon the Halfling Gladiator began the quest for the Orb.
     0 | D:1      | Reached XP level 1. HP: 14/14 MP: 1/1
    58 | D:1      | Reached XP level 2. HP: 17/19 MP: 2/2
    68 | D:1      | Found a glowing golden altar of the Shining One.
    75 | D:1      | Became a worshipper of the Shining One
   190 | D:2      | Found an iron altar of Okawaru.
   357 | D:4      | Noticed an ogre
   403 | D:4      | Reached skill level 1 in Armour
   403 | D:4      | Reached XP level 3. HP: 24/24 MP: 3/3
   433 | D:4      | Found Yphic's Food Boutique.
   444 | D:5      | Entered Level 5 of the Dungeon
   529 | D:6      | Reached XP level 4. HP: 9/29 MP: 4/4
   536 | D:6      | Reached skill level 4 in Long Blades
   677 | D:7      | Noticed a necrophage
   687 | D:7      | Killed a necrophage
   687 | D:7      | Reached XP level 5. HP: 21/35 MP: 5/5
   722 | D:6      | Reached XP level 6. HP: 29/41 MP: 6/6
   757 | D:7      | Found a radiant altar of Vehumet.
   780 | D:7      | Reached * piety under the Shining One
   813 | D:7      | Reached skill level 5 in Long Blades
  1048 | D:6      | Reached XP level 7. HP: 40/46 MP: 7/7
  1094 | D:6      | Found a staircase to the Ecumenical Temple.
  1165 | D:8      | Noticed Erolcha
  1216 | D:9      | Reached skill level 5 in Dodging
  1346 | D:9      | Reached skill level 6 in Long Blades
  1407 | D:9      | Noticed a yak
  1425 | D:10     | Entered Level 10 of the Dungeon
  1484 | D:11     | Reached XP level 8. HP: 48/53 MP: 8/8
  1587 | D:10     | Noticed FishmanTm's ghost (novice MfTm)
  1606 | D:11     | Noticed a manticore
  1615 | D:10     | rip anyway
  1618 | D:10     | Hired Tekaf the naga for 167 gold.
  1620 | D:10     | Noticed Rer Zeig
  1621 | D:10     | Noticed Ytoh
  1621 | D:10     | Slain by Rer Zeig the merfolk

Vault maps used:
D:1:      dpeg_arrival_arbitrary_b, tso_altar
D:2:      overflow_temple_1_default, grunt_gozag_breadcrumbs, first_bread
D:3:      st_stairs_7
D:4:      grunt_temple_overflow_open, serial_shops, shop, st_stairs_12,
          uniq_natasha
D:6:      minmay_temple_entry_poolview, grunt_ministairs_13
D:7:      vehumet_altar_wand_db
D:8:      david_lair_shrubbed, serial_shops, shop_coins, shop, shop,
          nicolae_shop_temple_entry_statues_fountains, shop, serial_curves,
          eino_curves_01, eino_curves_04, minmay_misc_feat_hallway, uniq_erica,
          uniq_erolcha
D:9:      bloody_makhleb, david_orc_4
D:10:     hangedman_stone_soup
D:11:     fedhas_altar_3

Action                   |  1- 3 |  4- 6 |  7- 9 || total
-------------------------+-------+-------+-------++-------
Melee: Long sword        |    46 |    34 |       ||    80
       Short sword       |       |   124 |    88 ||   212
Throw: Throwing net      |     1 |     3 |     3 ||     7
Evoke: Deck              |       |       |     4 ||     4
  Use: Potion            |     1 |     3 |     3 ||     7
       Scroll            |       |       |     8 ||     8
 Stab: Held in net/web   |       |     2 |     1 ||     3
  Eat: Chunk             |       |     1 |     2 ||     3
